cohdb
Replays
Latest Replays
All Replays
Popular Replays
Top Player Replays
Match Explorer
How It Works
Community
CoH3 Stats
Reddit
Sign in to upload your games and track your stats! →
Sign in with Steam
Match 41624270
Unlisted
Match 41624270
Overview
Messages
Build Orders
End
Construct Section Command Post
Royal Engineer Section
Dingo Light Scout Car
Infantry Section
Infantry Section
Construct Platoon Command Post
Humber Armored Car
Vickers Machine Gun Team
6-pounder Anti-tank Gun Team
Infantry Training
Armored Vehicle Training
CMP 15cwt Truck
Construct Company Command Post
Infantry Section
Smiguel
Arthyom
Batemanis
Simpson22
lightfalcon
Vlambulance-YouTube
★Bab00n★ (surrender is lame)
Kampfzwerg
0
0
Comments
sign in to comment!
No comments posted yet!